[Event "Netanya Open 2019"]
[Site "Netanya"]
[Date "2019.06.24"]
[Round "2.22"]
[White "Kochavi, Ori"]
[Black "Grinberg, Eyal"]
[Result "0-1"]
[ECO "B51"]
[WhiteElo "2152"]
[BlackElo "2474"]
[Annotator "ChessBase"]
[PlyCount "66"]
[EventDate "2019.06.23"]
[EventType "swiss"]
[EventCountry "ISR"]
[SourceTitle "playchess.com"]
[Source "ChessBase"]
[SourceQuality "1"]
[TimeControl "40/5400+30:1800+30"]

1. e4 c5 2. Nf3 d6 3. Bb5+ Nd7 4. d4 cxd4 5. Qxd4 a6 6. Bxd7+ Bxd7 7. c4 Nf6 8. Nc3 g6 9. O-O Bg7 10. b3 O-O 11. Bb2 b5 12. Rfe1 Ng4 13. Qd2 bxc4 14. bxc4 Rc8 15. Nd5 Bxb2 16. Qxb2 e6 17. Ne3 Nxe3 18. Rxe3 Rxc4 19. Rd1 Qc7 20. Red3 Ba4 21. Re1 Rb8 22. Qa3 Qc5 23. Qxc5 dxc5 24. Ne5 Rxe4 25. Rde3 Rxe3 26. fxe3 Rb2 27. Rc1 Bc2 28. a3 Be4 29. Rxc5 Rxg2+ 30. Kf1 Rxh2 31. Rc8+ Kg7 32. Rc7 Rh5 33. Rxf7+ Kg8 0-1

[Event "Netanya Open 2019"]
[Site "Netanya"]
[Date "2019.06.24"]
[Round "2.23"]
[White "Levi, Netanel"]
[Black "Mindlin, Alon"]
[Result "1/2-1/2"]
[ECO "C54"]
[WhiteElo "2143"]
[BlackElo "2454"]
[Annotator "ChessBase"]
[PlyCount "69"]
[EventDate "2019.06.23"]
[EventType "swiss"]
[EventCountry "ISR"]
[SourceTitle "playchess.com"]
[Source "ChessBase"]
[SourceQuality "1"]
[TimeControl "40/5400+30:1800+30"]

1. e4 e5 2. Nf3 Nc6 3. Bc4 Bc5 4. c3 Nf6 5. d3 a6 6. Nbd2 Ba7 7. O-O d6 8. Bb3 Ne7 9. Re1 Ng6 10. Nf1 O-O 11. Ng3 h6 12. h3 Re8 13. d4 c6 14. Be3 Qc7 15. Qc1 Kh7 16. Nf5 Ng8 17. Bxf7 Qxf7 18. Nxd6 Qe7 19. Nxe8 Qxe8 20. dxe5 Bb8 21. Qc2 Qf7 22. Qe2 Nxe5 23. Nxe5 Bxe5 24. Rf1 Bc7 25. f4 Nf6 26. Qf3 Qg6 27. Rae1 Bd7 28. e5 Nd5 29. f5 Bxf5 30. Qxf5 Nxe3 31. Rxe3 Bb6 32. Qxg6+ Kxg6 33. Rff3 Rd8 34. e6 Bxe3+ 35. Rxe3 1/2-1/2

[Event "Netanya Open 2019"]
[Site "Netanya"]
[Date "2019.06.24"]
[Round "2.24"]
[White "Abergel, Thal"]
[Black "Guz, Ari"]
[Result "1-0"]
[ECO "A34"]
[WhiteElo "2450"]
[BlackElo "2151"]
[Annotator "ChessBase"]
[PlyCount "75"]
[EventDate "2019.06.23"]
[EventType "swiss"]
[EventCountry "ISR"]
[SourceTitle "playchess.com"]
[Source "ChessBase"]
[SourceQuality "1"]
[TimeControl "40/5400+30:1800+30"]

1. Nf3 c5 2. c4 Nc6 3. Nc3 Nf6 4. g3 e6 5. Bg2 d5 6. cxd5 Nxd5 7. O-O Be7 8. d4 Nxc3 9. bxc3 O-O 10. e3 Qc7 11. Qe2 b6 12. Rd1 Bb7 13. Bb2 Rac8 14. e4 Bd6 15. d5 exd5 16. exd5 Rce8 17. Qc2 Ne7 18. Ng5 Ng6 19. c4 h6 20. Ne4 Be5 21. f4 Bxb2 22. Qxb2 Qd7 23. a4 Ba6 24. Qc3 f5 25. Nf2 Qd6 26. Qb3 Re7 27. a5 b5 28. cxb5 Rb7 29. Re1 Rxb5 30. Qc3 Bc8 31. Bf1 Rb7 32. Nd3 Rc7 33. Bg2 Ne7 34. Rac1 Kh7 35. Qe5 Rd8 36. Qxd6 Rxd6 37. Rxc5 Rxc5 38. Nxc5 1-0

[Event "Netanya Open 2019"]
[Site "Netanya"]
[Date "2019.06.24"]
[Round "2.25"]
[White "Kantsler, Boris"]
[Black "Hoffmann, Yair"]
[Result "1/2-1/2"]
[ECO "D46"]
[WhiteElo "2420"]
[BlackElo "2140"]
[Annotator "NA"]
[PlyCount "106"]
[EventDate "2019.06.23"]
[EventType "swiss"]
[EventCountry "ISR"]
[SourceTitle "playchess.com"]
[Source "ChessBase"]
[SourceQuality "1"]
[TimeControl "40/5400+30:1800+30"]

1. d4 d5 2. c4 c6 3. Nf3 Nf6 4. Nc3 e6 5. e3 Nbd7 6. Qc2 Bd6 7. Bd3 O-O 8. O-O dxc4 9. Bxc4 e5 10. Bd2 Qe7 11. Bb3 b6 12. Ng5 Ba6 13. Rfe1 Rac8 14. Qf5 h6 15. Nge4 Nxe4 16. Nxe4 Bd3 17. Nf6+ Nxf6 18. Qxd3 e4 19. Qe2 Nd5 20. Rac1 Nb4 21. Bxb4 Bxb4 22. Red1 Bd6 23. Rc2 Kh7 24. Rdc1 c5 25. Rd1 Rcd8 26. Rcd2 f5 27. dxc5 Bxc5 28. g3 Bd6 29. Qb5 Bc5 30. Rd7 a6 31. Qc6 Rxd7 32. Rxd7 Qf6 33. Qb7 Qxb2 34. Rf7 Qe5 35. Rxf8 Bxf8 36. Qxa6 Qf6 37. Qc4 Qa1+ 38. Kg2 Qf6 39. h4 h5 40. Qg8+ Kg6 41. Qh8 Qd8 42. Bg8 Be7 43. Qh7+ Kf6 44. Bb3 Qe8 45. Bd1 g6 46. Qh6 Qf8 47. Qf4 Qd8 48. Bb3 Qd6 49. Qh6 Qd8 50. Bc4 Qf8 51. Qf4 Bd6 52. Qg5+ Kg7 53. Be2 Be7 1/2-1/2

[Event "Netanya Open 2019"]
[Site "Netanya"]
[Date "2019.06.24"]
[Round "2.26"]
[White "Birnboim, Nathan"]
[Black "Zalkind, Konstantin"]
[Result "1-0"]
[ECO "D26"]
[WhiteElo "2379"]
[BlackElo "2130"]
[Annotator "NA"]
[PlyCount "69"]
[EventDate "2019.06.23"]
[EventType "swiss"]
[EventCountry "ISR"]
[SourceTitle "playchess.com"]
[Source "ChessBase"]
[SourceQuality "1"]
[TimeControl "40/5400+30:1800+30"]

1. d4 d5 2. c4 dxc4 3. e3 Nf6 4. Bxc4 e6 5. Nf3 a6 6. O-O b5 7. Be2 Bb7 8. a4 b4 9. Nbd2 Nbd7 10. Nc4 Be7 11. a5 O-O 12. Bd2 c5 13. Qa4 Rc8 14. Rfc1 Ne4 15. Be1 Ndf6 16. Nb6 Rc7 17. Qd1 Nd7 18. dxc5 Bxc5 19. Nxd7 Rxd7 20. Qc2 Qa8 21. Ne5 Rc7 22. Qa4 Rfc8 23. Nd3 h6 24. Bxb4 Bxb4 25. Qxb4 Rxc1+ 26. Rxc1 Rxc1+ 27. Nxc1 Qc8 28. Nd3 Bd5 29. Qe1 Bc4 30. Qc1 Nd6 31. b3 Bb5 32. Qxc8+ Nxc8 33. Kf1 Nd6 34. Nc5 Kf8 35. Nxa6 1-0

[Event "Netanya Open 2019"]
[Site "Netanya"]
[Date "2019.06.24"]
[Round "2.27"]
[White "Hasidovsky, Michael"]
[Black "Bronstein, Or"]
[Result "1/2-1/2"]
[ECO "B44"]
[WhiteElo "2135"]
[BlackElo "2378"]
[Annotator "NA"]
[PlyCount "174"]
[EventDate "2019.06.23"]
[EventType "swiss"]
[EventCountry "ISR"]
[SourceTitle "playchess.com"]
[Source "ChessBase"]
[SourceQuality "1"]
[TimeControl "40/5400+30:1800+30"]

1. Nf3 c5 2. c4 Nc6 3. d4 cxd4 4. Nxd4 Nf6 5. Nc3 e6 6. Ndb5 d6 7. e4 a6 8. Nd4 Bd7 9. Be3 Be7 10. Be2 O-O 11. O-O Rb8 12. f3 b5 13. cxb5 Nxd4 14. Qxd4 axb5 15. a3 Bc6 16. Rac1 Qd7 17. Rfd1 Rfc8 18. Na2 Qb7 19. Nb4 Bd7 20. Rxc8+ Rxc8 21. Qd2 h6 22. Bf4 d5 23. e5 Nh7 24. Be3 Nf8 25. Bd4 Be8 26. g3 Nd7 27. Rc1 Nb8 28. Rxc8 Qxc8 29. Qc3 Qxc3 30. Bxc3 Bc5+ 31. Kg2 Kf8 32. Nd3 Be7 33. Nf4 Bc5 34. Nd3 Be7 35. Nb4 f6 36. Nc2 fxe5 37. Bxe5 Nc6 38. Bc3 Na7 39. f4 Kf7 40. Nd4 Bc5 41. Nf3 Nc8 42. Ne5+ Kf8 43. Bg4 d4 44. Ba5 Ke7 45. Bf3 Nd6 46. b4 Ba7 47. Nc6+ Bxc6 48. Bxc6 d3 49. Kf1 Be3 50. Bc7 d2 51. Ke2 Nc4 52. Bf3 Bd4 53. Kd1 Kd7 54. Be5 Nxe5 55. fxe5 Bxe5 56. Kxd2 Bb2 57. Be2 Kc6 58. Bf3+ Kb6 59. Bg4 Bxa3 60. Bxe6 Bxb4+ 61. Kd3 Kc5 62. Bf7 Be1 63. Bg6 Kd5 64. Be8 b4 65. Bf7+ Ke5 66. Ke2 Bc3 67. h3 Ke4 68. Bg6+ Kd4 69. h4 b3 70. Kd1 Bb2 71. h5 Kc3 72. g4 Ba3 73. Bf7 Kb2 74. Be6 Bc5 75. Bf7 Be3 76. Be6 Kc3 77. Bf7 Bg5 78. Be6 b2 79. Ba2 Bf4 80. Bb1 Kb3 81. Ke2 Kc3 82. Bg6 Bc1 83. Bb1 Kd4 84. Bg6 Ke5 85. Kf3 Bg5 86. Bb1 Kd4 87. Ke2 Kc3 1/2-1/2

[Event "Netanya Open 2019"]
[Site "Netanya"]
[Date "2019.06.24"]
[Round "2.28"]
[White "Itzhaky, Shmuel"]
[Black "Gorshtein, Ido"]
[Result "0-1"]
[ECO "A45"]
[WhiteElo "2130"]
[BlackElo "2367"]
[Annotator "NA"]
[PlyCount "82"]
[EventDate "2019.06.23"]
[EventType "swiss"]
[EventCountry "ISR"]
[SourceTitle "playchess.com"]
[Source "ChessBase"]
[SourceQuality "1"]
[TimeControl "40/5400+30:1800+30"]

1. d4 Nf6 2. Bg5 c5 3. d5 e6 4. e4 h6 5. Bxf6 Qxf6 6. Nc3 d6 7. Bc4 a6 8. a4 e5 9. Nge2 g6 10. O-O Bg7 11. a5 Nd7 12. Na4 O-O 13. Ra3 Qh4 14. f3 f5 15. Qe1 Qe7 16. b4 cxb4 17. Qxb4 fxe4 18. fxe4 Rxf1+ 19. Kxf1 Nf6 20. Nb6 Rb8 21. Ba2 Ng4 22. Ke1 Nxh2 23. Rg3 Bg4 24. Nc4 Rd8 25. Qb6 h5 26. Ne3 Bh6 27. Nxg4 Nxg4 28. c4 Kh7 29. Bb3 Rc8 30. Rf3 Rc5 31. Nc3 Be3 32. Na4 Rb5 33. cxb5 Bxb6 34. Nxb6 axb5 35. Ke2 Qc7 36. Kd2 Qc5 37. Rf7+ Kh6 38. Rxb7 Qd4+ 39. Kc2 Ne3+ 40. Kb1 Qc3 41. Ka2 Qxa5+ 0-1

[Event "Netanya Open 2019"]
[Site "Netanya"]
[Date "2019.06.24"]
[Round "2.29"]
[White "Shvayger, Yuliya"]
[Black "Yaniv, Yuval"]
[Result "1/2-1/2"]
[WhiteElo "2373"]
[BlackElo "2132"]
[PlyCount "62"]
[EventDate "2019.06.23"]
[EventType "swiss"]
[EventRounds "9"]
[EventCountry "ISR"]
[TimeControl "40/5400+30:1800+30"]

1. e4 c5 2. Ne2 Nc6 3. g3 g6 4. Bg2 Bg7 5. c3 e5 6. d3 Nge7 7. Be3 b6 8. d4 exd4 9. cxd4 Ba6 10. Nbc3 cxd4 11. Nxd4 O-O 12. f4 Bxd4 13. Bxd4 d5 14. Bf6 Nb4 15. Bf1 Bxf1 16. Kxf1 Qd6 17. e5 Qc5 18. Bxe7 Qxe7 19. a3 d4 20. Ne4 Nc6 21. Qf3 Rac8 22. Kg2 Na5 23. Rac1 Nc4 24. Qd3 Ne3+ 25. Kf2 Rxc1 26. Rxc1 Rd8 27. Re1 Kg7 28. Kg1 Qb7 29. Rxe3 dxe3 30. Qxd8 Qxe4 31. Qf6+ Kg8 1/2-1/2

[Event "Netanya Open 2019"]
[Site "Netanya"]
[Date "2019.06.24"]
[Round "2.30"]
[White "Katkov, Michelle"]
[Black "Emanuel, Yahav"]
[Result "0-1"]
[WhiteElo "2065"]
[BlackElo "2359"]
[PlyCount "76"]
[EventDate "2019.06.23"]
[EventType "swiss"]
[EventRounds "9"]
[EventCountry "ISR"]
[TimeControl "40/5400+30:1800+30"]

1. e4 e5 2. Nf3 Nc6 3. Bc4 Nf6 4. d3 Be7 5. O-O O-O 6. Re1 d6 7. a4 Na5 8. Ba2 c5 9. Nc3 Be6 10. Nd5 Nc6 11. c3 h6 12. Nd2 Qd7 13. Nf1 Nh7 14. Nfe3 Bg5 15. Qf3 g6 16. g3 h5 17. h4 Bh6 18. Kh2 Kh8 19. Qe2 f6 20. Rg1 Qf7 21. Bd2 f5 22. exf5 gxf5 23. f4 Rae8 24. Qf2 Ne7 25. Nxe7 Rxe7 26. Bxe6 Rxe6 27. Ng2 Nf6 28. Ne3 Ng4+ 29. Nxg4 fxg4 30. Rgf1 Qf5 31. d4 cxd4 32. cxd4 exf4 33. Bxf4 Bxf4 34. gxf4 Qd3 35. Rae1 Rxe1 36. Rxe1 g3+ 37. Qxg3 Qd2+ 38. Kh1 Rg8 0-1

[Event "Netanya Open 2019"]
[Site "Netanya"]
[Date "2019.06.24"]
[Round "2.31"]
[White "Parkhov, Yair"]
[Black "Gorshtein, Asaf"]
[Result "1-0"]
[WhiteElo "2351"]
[BlackElo "2109"]
[PlyCount "61"]
[EventDate "2019.06.23"]
[EventType "swiss"]
[EventRounds "9"]
[EventCountry "ISR"]
[TimeControl "40/5400+30:1800+30"]

1. c4 Nf6 2. Nc3 c5 3. Nf3 g6 4. d4 cxd4 5. Nxd4 Bg7 6. e4 d6 7. f3 O-O 8. Be3 Bd7 9. Qd2 Nc6 10. Be2 a5 11. g4 Nxd4 12. Bxd4 Bc6 13. h4 Qc7 14. h5 e6 15. O-O-O Rfd8 16. Kb1 Rac8 17. Qe3 Qe7 18. Rh2 Re8 19. Rdh1 e5 20. Bb6 Nd7 21. hxg6 hxg6 22. Bxa5 b6 23. Bb4 Nc5 24. Nd5 Bxd5 25. cxd5 Qf6 26. Bd2 Red8 27. Qf2 Rc7 28. g5 Qe7 29. Qh4 f6 30. Qh7+ Kf7 31. Rh6 1-0

[Event "Netanya Open 2019"]
[Site "Netanya"]
[Date "2019.06.24"]
[Round "2.32"]
[White "Leib, Daniel"]
[Black "Globus, Or"]
[Result "0-1"]
[WhiteElo "1897"]
[BlackElo "2352"]
[PlyCount "64"]
[EventDate "2019.06.23"]
[EventType "swiss"]
[EventRounds "9"]
[EventCountry "ISR"]
[TimeControl "40/5400+30:1800+30"]

1. e4 e5 2. Nf3 Nc6 3. Bb5 a6 4. Ba4 Nf6 5. O-O Bc5 6. Nxe5 Nxe5 7. d4 b5 8. Bb3 Bxd4 9. Qxd4 d6 10. c3 O-O 11. Bg5 h6 12. Be3 c5 13. Qd1 Bb7 14. f3 Qc7 15. Qe2 Rfe8 16. Rd1 Rad8 17. Qf2 d5 18. exd5 Bxd5 19. Na3 Bxb3 20. Rxd8 Qxd8 21. axb3 Neg4 22. fxg4 Nxg4 23. Qe2 Nxe3 24. Re1 Re6 25. Qf2 Ng4 26. Qg3 Qd2 27. Nc2 Qxc2 28. Rxe6 fxe6 29. Qxg4 Qc1+ 30. Kf2 Qxb2+ 31. Kf1 Qb1+ 32. Ke2 Qc2+ 0-1

[Event "Netanya Open 2019"]
[Site "Netanya"]
[Date "2019.06.24"]
[Round "2.33"]
[White "Greenfeld, Alon"]
[Black "Friedland, Moshe"]
[Result "1-0"]
[WhiteElo "2513"]
[BlackElo "2315"]
[PlyCount "41"]
[EventDate "2019.06.23"]
[EventType "swiss"]
[EventRounds "9"]
[EventCountry "ISR"]
[TimeControl "40/5400+30:1800+30"]

1. Nf3 Nf6 2. c4 c6 3. Nc3 d5 4. d4 a6 5. Bg5 Ne4 6. Bh4 g6 7. e3 Nxc3 8. bxc3 Bg7 9. Be2 O-O 10. O-O dxc4 11. Bxc4 c5 12. Qa4 cxd4 13. cxd4 Bd7 14. Qa3 Nc6 15. Rac1 b5 16. Bd5 Qb6 17. Bxe7 Nxe7 18. Qxe7 Rad8 19. Ne5 Be8 20. Qc5 Qb8 21. f4 1-0

[Event "Netanya Open 2019"]
[Site "Netanya"]
[Date "2019.06.24"]
[Round "2.34"]
[White "Bar, Roman"]
[Black "Axelrod, Arie"]
[Result "1-0"]
[WhiteElo "2497"]
[BlackElo "2224"]
[PlyCount "63"]
[EventDate "2019.06.23"]
[EventType "swiss"]
[EventRounds "9"]
[EventCountry "ISR"]
[TimeControl "40/5400+30:1800+30"]

1. e4 e6 2. d3 c5 3. Nf3 Nc6 4. g3 Nge7 5. Bg2 g6 6. O-O Bg7 7. Re1 O-O 8. c3 b6 9. d4 cxd4 10. cxd4 d5 11. e5 Nf5 12. Na3 f6 13. Nc2 fxe5 14. dxe5 Qc7 15. Bf4 h6 16. Rc1 Qf7 17. Ne3 Bb7 18. Nxf5 Qxf5 19. Rxc6 Bxc6 20. Nd4 Qf7 21. Nxc6 g5 22. Be3 Rac8 23. Nd4 Kh8 24. Bh3 Rce8 25. Bg4 Re7 26. f4 gxf4 27. Bxf4 Qg6 28. Bh5 Qh7 29. Qg4 Rg8 30. Qh4 Rc7 31. Nxe6 Rc2 32. Nxg7 1-0

[Event "Netanya Open 2019"]
[Site "Netanya"]
[Date "2019.06.24"]
[Round "2.35"]
[White "Gorodetzky, David"]
[Black "Sherman, Reem"]
[Result "1-0"]
[WhiteElo "2461"]
[BlackElo "1951"]
[PlyCount "59"]
[EventDate "2019.06.23"]
[EventType "swiss"]
[EventRounds "9"]
[EventCountry "ISR"]
[TimeControl "40/5400+30:1800+30"]

1. c4 e6 2. Nc3 Nf6 3. e4 d5 4. cxd5 exd5 5. e5 d4 6. exf6 dxc3 7. Bb5+ c6 8. Qe2+ Be6 9. Bc4 Qxf6 10. dxc3 Nd7 11. Nf3 h6 12. Nd4 O-O-O 13. Nxe6 Re8 14. O-O fxe6 15. Be3 Bd6 16. Rad1 Bb8 17. f4 h5 18. Qf2 Rhf8 19. Qf3 Qf7 20. a4 g5 21. fxg5 Qh7 22. Qh3 Rxf1+ 23. Rxf1 Qe4 24. Be2 h4 25. Bh5 Re7 26. Bf7 Nb6 27. g6 Be5 28. Bc5 Rc7 29. Qxe6+ Kb8 30. g7 1-0

[Event "Netanya Open 2019"]
[Site "Netanya"]
[Date "2019.06.24"]
[Round "2.36"]
[White "Vagman, Roy"]
[Black "Erenberg, Ariel"]
[Result "0-1"]
[WhiteElo "1918"]
[BlackElo "2438"]
[PlyCount "82"]
[EventDate "2019.06.23"]
[EventType "swiss"]
[EventRounds "9"]
[EventCountry "ISR"]
[TimeControl "40/5400+30:1800+30"]

1. e4 c5 2. c3 Nf6 3. e5 Nd5 4. d4 cxd4 5. Nf3 Nc6 6. cxd4 d6 7. exd6 Qxd6 8. Nc3 g6 9. Nxd5 Qxd5 10. Be2 Bg7 11. Be3 O-O 12. Qb3 Qxb3 13. axb3 Rd8 14. Rd1 Be6 15. Bc4 Bd5 16. Bxd5 Rxd5 17. O-O Rad8 18. Rc1 Nxd4 19. Bxd4 Bxd4 20. Rc2 Bf6 21. h3 Rd3 22. Ra1 Rd1+ 23. Rxd1 Rxd1+ 24. Kh2 Rb1 25. Nd2 Rxb2 26. Rxb2 Bxb2 27. Nc4 Bc3 28. Kg3 b5 29. Na3 a6 30. Kf4 Bb2 31. Nc2 a5 32. Ne1 a4 33. bxa4 bxa4 34. Nd3 a3 35. Nb4 Bc3 36. Na2 Bd4 37. f3 f5 38. g4 e5+ 39. Kg3 Kf7 40. h4 h5 41. gxf5 gxf5 0-1

[Event "Netanya Open 2019"]
[Site "Netanya"]
[Date "2019.06.24"]
[Round "2.37"]
[White "Reches, Omer"]
[Black "Shubin, Kirill"]
[Result "0-1"]
[WhiteElo "1720"]
[BlackElo "2404"]
[PlyCount "48"]
[EventDate "2019.06.23"]
[EventType "swiss"]
[EventRounds "9"]
[EventCountry "ISR"]
[TimeControl "40/5400+30:1800+30"]

1. e4 e6 2. d4 d5 3. exd5 exd5 4. Nf3 Nc6 5. Bb5 Nge7 6. Qe2 h6 7. Bxc6+ bxc6 8. Ne5 Be6 9. Nd2 g6 10. f4 Bg7 11. Ndf3 O-O 12. Bd2 Qd6 13. Nd3 a5 14. Bc3 Bf5 15. Nde5 Rfe8 16. O-O-O Nc8 17. Qd2 Nb6 18. Rhe1 Red8 19. Nh4 Be4 20. g4 Na4 21. g5 hxg5 22. fxg5 Nxc3 23. Qxc3 c5 24. Ng4 Qf4+ 0-1

[Event "Netanya Open 2019"]
[Site "Netanya"]
[Date "2019.06.24"]
[Round "2.38"]
[White "Krayz, Alexander"]
[Black "Friedland, Eldar"]
[Result "1-0"]
[WhiteElo "2374"]
[BlackElo "1939"]
[PlyCount "47"]
[EventDate "2019.06.23"]
[EventType "swiss"]
[EventRounds "9"]
[EventCountry "ISR"]
[TimeControl "40/5400+30:1800+30"]

1. e4 c5 2. Nf3 d6 3. Bb5+ Bd7 4. Bxd7+ Nxd7 5. O-O Ngf6 6. Re1 g6 7. c3 Bg7 8. d4 O-O 9. Nbd2 cxd4 10. cxd4 Qb6 11. b3 Rac8 12. Bb2 e6 13. Rc1 Qa6 14. a4 Bh6 15. Rxc8 Rxc8 16. e5 dxe5 17. dxe5 Nd5 18. Ne4 Nc5 19. Nd6 Rd8 20. Qd4 Nd3 21. Qh4 Rxd6 22. exd6 Qxd6 23. Qxh6 e5 24. Bxe5 1-0

[Event "Netanya Open 2019"]
[Site "Netanya"]
[Date "2019.06.24"]
[Round "2.39"]
[White "Usha Margolin, Daniel"]
[Black "Sheinkman, Lidan"]
[Result "0-1"]
[WhiteElo "1437"]
[BlackElo "1863"]
[PlyCount "105"]
[EventDate "2019.06.23"]
[EventType "swiss"]
[EventRounds "9"]
[EventCountry "ISR"]
[TimeControl "40/5400+30:1800+30"]

1. e4 e6 2. d4 d5 3. exd5 exd5 4. Nc3 Nc6 5. Nf3 Bb4 6. Bb5 Bxc3+ 7. bxc3 Bg4 8. O-O Qd6 9. Re1+ Nge7 10. Bg5 f6 11. Bh4 O-O-O 12. Bg3 Qd7 13. Qe2 Nf5 14. h3 Nxg3 15. fxg3 Bf5 16. Rab1 Rhe8 17. Qf2 Be4 18. Rb2 b6 19. Nd2 f5 20. c4 dxc4 21. Nxc4 Qxd4 22. Qxd4 Rxd4 23. c3 Rdd8 24. Rbe2 Kb7 25. a4 a6 26. Bxc6+ Kxc6 27. Nd2 Rd3 28. Nxe4 fxe4 29. Rxe4 Rxe4 30. Rxe4 Rxc3 31. Rg4 b5 32. axb5+ axb5 33. Rxg7 b4 34. Rg8 b3 35. Rb8 Kc5 36. Kf2 Kc4 37. Rb7 c5 38. h4 Rc2+ 39. Kf3 Kc3 40. Rxh7 b2 41. Rb7 Rc1 42. h5 b1=Q 43. Rxb1 Rxb1 44. g4 Rh1 45. Kf4 Kd3 46. Kg5 c4 47. Kg6 c3 48. h6 c2 49. Kg7 c1=Q 50. h7 Qh6+ 51. Kf7 Qxh7+ 52. Kf6 Rh6+ 53. Ke5 0-1

[Event "Netanya Open 2019"]
[Site "Netanya"]
[Date "2019.06.24"]
[Round "2.40"]
[White "Scheinfeild, Michael"]
[Black "Iliaguev, Nisim"]
[Result "0-1"]
[WhiteElo "1582"]
[BlackElo "2375"]
[PlyCount "104"]
[EventDate "2019.06.23"]
[EventType "swiss"]
[EventRounds "9"]
[EventCountry "ISR"]
[TimeControl "40/5400+30:1800+30"]

1. c4 c5 2. Nf3 g6 3. Nc3 Nc6 4. g3 Bg7 5. Bg2 e6 6. O-O Nge7 7. d3 O-O 8. Bg5 h6 9. Bd2 d5 10. cxd5 exd5 11. e4 Be6 12. a3 Rc8 13. Re1 b6 14. Bf4 d4 15. Ne2 g5 16. Bd2 Ng6 17. Rf1 f5 18. exf5 Bxf5 19. Qb3+ Kh8 20. Rad1 Bg4 21. Nxg5 hxg5 22. f3 Bf5 23. g4 Bd7 24. Qd5 Nce5 25. Qb3 Qe7 26. Ng3 Nf4 27. Bxf4 Rxf4 28. Nh5 Rcf8 29. Nxf4 Rxf4 30. Qc2 Bc6 31. h3 Ng6 32. Rde1 Be5 33. Qe2 Qd6 34. b4 Rf8 35. bxc5 bxc5 36. Rb1 Bf4 37. Rb2 Be3+ 38. Kh1 Nh4 39. a4 Qg3 40. Qe1 Qxe1 41. Rxe1 Nxg2 42. Kxg2 Rxf3 43. Reb1 Bf4 44. a5 Rxd3+ 45. Kf1 Rxh3 46. a6 Be4 47. Rb8+ Bxb8 48. Rxb8+ Kg7 49. Rc8 Rf3+ 50. Ke2 d3+ 51. Kd2 Rf2+ 52. Ke1 d2+ 0-1

[Event "Netanya Open 2019"]
[Site "Netanya"]
[Date "2019.06.24"]
[Round "2.41"]
[White "Regenbogen, Yoseph"]
[Black "Veinberg, Nimrod"]
[Result "0-1"]
[WhiteElo "1806"]
[BlackElo "2401"]
[PlyCount "54"]
[EventDate "2019.06.23"]
[EventType "swiss"]
[EventRounds "9"]
[EventCountry "ISR"]
[TimeControl "40/5400+30:1800+30"]

1. e4 c5 2. Nf3 d6 3. d4 cxd4 4. Nxd4 Nf6 5. Nc3 a6 6. Be2 e6 7. O-O Be7 8. Be3 O-O 9. f3 b5 10. a3 Bb7 11. Qd2 Nbd7 12. Nb3 Rc8 13. Rad1 Ne5 14. Kh1 Qc7 15. Qd4 d5 16. exd5 Nxd5 17. Nxd5 Bxd5 18. Rc1 Ng6 19. Qd2 Rfd8 20. Qe1 Bf6 21. Bd4 Bg5 22. Nc5 Bxc1 23. Qxc1 Bc4 24. Nxa6 Qd6 25. Bxc4 Rxc4 26. c3 Qxa6 27. h4 Rdxd4 0-1

[Event "Netanya Open 2019"]
[Site "Netanya"]
[Date "2019.06.24"]
[Round "2.42"]
[White "Slobodiansky, Steven"]
[Black "Zoabi, Jihad"]
[Result "1/2-1/2"]
[WhiteElo "2088"]
[BlackElo "1788"]
[PlyCount "88"]
[EventDate "2019.06.23"]
[EventType "swiss"]
[EventRounds "9"]
[EventCountry "ISR"]
[TimeControl "40/5400+30:1800+30"]

1. e4 c5 2. Nf3 e6 3. d4 cxd4 4. Nxd4 Nf6 5. Nc3 d6 6. Be3 Be7 7. f3 a6 8. Qd2 Nc6 9. O-O-O O-O 10. g4 Nd7 11. f4 Nxd4 12. Bxd4 b5 13. Bg2 b4 14. Ne2 Rb8 15. Be3 Nb6 16. Qd3 Qc7 17. b3 Bd7 18. Nd4 Rfc8 19. Kb1 a5 20. Bc1 a4 21. Bb2 axb3 22. cxb3 Qa7 23. Rd2 Rc5 24. Ba1 Rbc8 25. Nc2 Qc7 26. Bb2 Bb5 27. Qd4 e5 28. Qf2 Rxc2 29. Rxc2 Bd3 30. Rhc1 exf4 31. Qd2 Bxc2+ 32. Rxc2 Qxc2+ 33. Qxc2 Rxc2 34. Kxc2 Nd7 35. Bc1 Bg5 36. a4 bxa3 37. Bxa3 Be7 38. h3 Ne5 39. Bc1 g5 40. b4 d5 41. exd5 Bxb4 42. Be4 Ng6 43. Kd3 Kf8 44. Bb2 Ke7 1/2-1/2

[Event "Netanya Open 2019"]
[Site "Netanya"]
[Date "2019.06.24"]
[Round "2.43"]
[White "Zilbershtein, Victor"]
[Black "Mizrahi, Ido"]
[Result "1-0"]
[WhiteElo "1756"]
[BlackElo "2101"]
[PlyCount "77"]
[EventDate "2019.06.23"]
[EventType "swiss"]
[EventRounds "9"]
[EventCountry "ISR"]
[TimeControl "40/5400+30:1800+30"]

1. d4 d5 2. Nf3 Nf6 3. e3 c5 4. b3 Nc6 5. Bb2 Bf5 6. Bd3 Bxd3 7. Qxd3 e6 8. O-O a6 9. a3 cxd4 10. exd4 Ne4 11. c4 Bd6 12. Nc3 f5 13. cxd5 exd5 14. b4 O-O 15. Na4 g5 16. Rad1 Qc7 17. Ne5 b5 18. Rc1 Bxe5 19. dxe5 Rad8 20. Nc5 Nxc5 21. Rxc5 Qd7 22. Rfc1 Ne7 23. Rc7 Qe6 24. Qd4 Rc8 25. Qa7 Rxc7 26. Rxc7 Rf7 27. Qb7 f4 28. Qa7 h5 29. Qd4 Nc6 30. Rxc6 Qxc6 31. e6 Rh7 32. Qf6 Qc7 33. h3 Qe7 34. Qg6+ Rg7 35. Bxg7 Qxg7 36. Qe8+ Qf8 37. Qd7 Qf5 38. Qd8+ Qf8 39. e7 1-0

[Event "Netanya Open 2019"]
[Site "Netanya"]
[Date "2019.06.24"]
[Round "2.44"]
[White "Brenner, Moshe"]
[Black "Tsirilman, Guy"]
[Result "1-0"]
[WhiteElo "2098"]
[BlackElo "1798"]
[PlyCount "81"]
[EventDate "2019.06.23"]
[EventType "swiss"]
[EventRounds "9"]
[EventCountry "ISR"]
[TimeControl "40/5400+30:1800+30"]

1. d4 Nf6 2. c4 g6 3. Nc3 Bg7 4. e4 d6 5. g3 O-O 6. Bg2 e5 7. Nge2 Nbd7 8. O-O exd4 9. Nxd4 Re8 10. Re1 c6 11. h3 Nc5 12. Rb1 a5 13. b3 Nfd7 14. Be3 Ne5 15. Qc2 a4 16. Red1 axb3 17. axb3 Na6 18. f4 Nb4 19. Qd2 Ned3 20. Na4 Qe7 21. Nc2 Nxc2 22. Qxc2 Nc5 23. Nxc5 dxc5 24. Qf2 Ra5 25. Rd3 Rd8 26. Rbd1 Rxd3 27. Rxd3 Be6 28. Kh2 b6 29. f5 Bd7 30. f6 Bxf6 31. Rxd7 Qxd7 32. Qxf6 Ra2 33. Bh6 Qd4 34. e5 Rxg2+ 35. Kxg2 Qe4+ 36. Qf3 Qc2+ 37. Kf1 Qb1+ 38. Ke2 Qb2+ 39. Bd2 Qxe5+ 40. Qe3 Qh5+ 41. g4 1-0

[Event "Netanya Open 2019"]
[Site "Netanya"]
[Date "2019.06.24"]
[Round "2.45"]
[White "Lifshits, Raz"]
[Black "Nissim, Jonathan"]
[Result "0-1"]
[WhiteElo "1749"]
[BlackElo "2082"]
[PlyCount "58"]
[EventDate "2019.06.23"]
[EventType "swiss"]
[EventRounds "9"]
[EventCountry "ISR"]
[TimeControl "40/5400+30:1800+30"]

1. e4 c5 2. Nf3 e6 3. c3 Nf6 4. e5 Nd5 5. Bc4 d6 6. d4 dxe5 7. dxe5 Nc6 8. O-O a6 9. Qe2 Na5 10. Bd3 b5 11. c4 Nb4 12. Be4 Rb8 13. cxb5 axb5 14. Nc3 Qb6 15. Bg5 h6 16. Bh4 Nbc6 17. a4 bxa4 18. Rxa4 Be7 19. Bxe7 Kxe7 20. Rd1 Ba6 21. Qc2 Rhd8 22. Raa1 Nb4 23. Qc1 Nb3 24. Qf4 Nxa1 25. Rxa1 Nd3 26. Qh4+ Kf8 27. Na4 Qa5 28. Bxd3 Rxd3 29. Rc1 Rb4 0-1